[Event "12th Asrian Memorial 2019"]
[Site "Yerevan"]
[Date "2019.06.18"]
[Round "8.4"]
[White "Gharibyan, Mamikon"]
[Black "Hayrapetyan, Hovik"]
[Result "0-1"]
[ECO "A05"]
[WhiteElo "2320"]
[BlackElo "2449"]
[Annotator "NA"]
[PlyCount "133"]
[EventDate "2019.06.11"]
[EventType "swiss"]
[EventCountry "ARM"]
[SourceTitle "playchess.com"]
[Source "ChessBase"]
[SourceQuality "1"]
[TimeControl "40/5400+30:1800+30"]

1. Nf3 Nf6 2. c4 g6 3. b3 Bg7 4. Bb2 O-O 5. g3 b6 6. Bg2 Bb7 7. d4 d6 8. O-O e6 9. Nc3 Nbd7 10. Qc2 c5 11. Rad1 Qe7 12. e4 cxd4 13. Nxd4 a6 14. Qe2 Qd8 15. Rd2 Qc7 16. Rfd1 Rfd8 17. Ba3 Ne8 18. Rc2 Rac8 19. Bc1 Ne5 20. Be3 Nf6 21. h3 Qb8 22. Re1 Ned7 23. Qd1 Nc5 24. Bg5 h6 25. Bxf6 Bxf6 26. h4 Bg7 27. h5 g5 28. Re3 Kh8 29. Rd2 Nd7 30. Nf3 Ne5 31. Nd4 g4 32. Re1 b5 33. Ndxb5 axb5 34. Nxb5 d5 35. exd5 Bxd5 36. cxd5 Qxb5 37. dxe6 Rxd2 38. Qxd2 fxe6 39. Qd6 Rf8 40. a4 Qa5 41. Rd1 Qa7 42. Rd2 Qf7 43. Rc2 Qf5 44. Qc5 Rd8 45. Rc1 Nd3 46. Qxf5 exf5 47. Rd1 Bd4 48. a5 Nxf2 49. Rxd4 Rxd4 50. Kxf2 Rd2+ 51. Kf1 Ra2 52. b4 Ra4 53. Bc6 Rxb4 54. a6 Rb1+ 55. Ke2 Ra1 56. Bd7 Rxa6 57. Bxf5 Ra4 58. Ke3 Kg7 59. Bd7 Rb4 60. Kd3 Kf6 61. Kc3 Re4 62. Kd3 Ke5 63. Bc8 Rb4 64. Ke3 Kf6 65. Bd7 Kg5 66. Be8 Rb8 67. Kd4 0-1

[Event "12th Asrian Memorial 2019"]
[Site "Yerevan"]
[Date "2019.06.18"]
[Round "8.5"]
[White "Kotanjian, Tigran"]
[Black "Martirosyan, Haik M."]
[Result "1/2-1/2"]
[ECO "E32"]
[WhiteElo "2462"]
[BlackElo "2635"]
[Annotator "RC"]
[PlyCount "56"]
[EventDate "2019.06.11"]
[EventType "swiss"]
[EventCountry "ARM"]
[SourceTitle "playchess.com"]
[Source "ChessBase"]
[SourceQuality "1"]
[TimeControl "40/5400+30:1800+30"]

1. d4 Nf6 2. c4 e6 3. Nc3 Bb4 4. Qc2 d6 5. e4 c5 6. Nf3 cxd4 7. Nxd4 O-O 8. Bd3 Bc5 9. Nb3 Nc6 10. O-O h6 11. Qe2 e5 12. Nd5 Nxd5 13. cxd5 Nd4 14. Nxd4 Bxd4 15. Be3 Bb6 16. Rac1 Bd7 17. Rc3 Rc8 18. Rxc8 Bxc8 19. Rc1 Bd7 20. a3 Bxe3 21. Qxe3 Qb8 22. h3 Rc8 23. Rxc8+ Bxc8 24. Bb5 a6 25. Bf1 b6 26. Qc3 Bb7 27. b4 Qc8 28. Qxc8+ Bxc8 1/2-1/2

[Event "12th Asrian Memorial 2019"]
[Site "Yerevan"]
[Date "2019.06.18"]
[Round "8.6"]
[White "Vardanian, Haik G."]
[Black "Kulaots, Kaido"]
[Result "1-0"]
[ECO "A28"]
[WhiteElo "2357"]
[BlackElo "2574"]
[Annotator "ChessBase"]
[PlyCount "81"]
[EventDate "2019.06.11"]
[EventType "swiss"]
[EventCountry "ARM"]
[SourceTitle "playchess.com"]
[Source "ChessBase"]
[SourceQuality "1"]
[TimeControl "40/5400+30:1800+30"]

1. c4 e5 2. Nc3 Bb4 3. Qc2 Nf6 4. Nf3 Nc6 5. e3 Bxc3 6. Qxc3 Qe7 7. b3 d5 8. cxd5 Nxd5 9. Qb2 O-O 10. Bc4 Nb6 11. Be2 Bg4 12. h3 Bh5 13. d3 Rad8 14. g4 Bg6 15. e4 Nd7 16. Be3 Nc5 17. Rd1 f6 18. O-O Ne6 19. Rc1 Rd7 20. a3 Rfd8 21. b4 Ncd4 22. Nxd4 Nxd4 23. Bxd4 Rxd4 24. Rc5 c6 25. Qc1 Bf7 26. f4 exf4 27. Qxf4 a5 28. g5 axb4 29. axb4 Rxb4 30. Rf5 Bg6 31. gxf6 Qf7 32. Ra5 Rb2 33. Rf2 gxf6 34. h4 b6 35. Ra1 Qe7 36. h5 Bf7 37. Rg2+ Kh8 38. Ra7 Qe6 39. Qh6 Rg8 40. Ra8 Rb1+ 41. Kf2 1-0

[Event "12th Asrian Memorial 2019"]
[Site "Yerevan"]
[Date "2019.06.18"]
[Round "8.7"]
[White "Chibukhchian, Artur"]
[Black "Babujian, Levon"]
[Result "1-0"]
[ECO "D02"]
[WhiteElo "2374"]
[BlackElo "2485"]
[Annotator "ChessBase"]
[PlyCount "124"]
[EventDate "2019.06.11"]
[EventType "swiss"]
[EventCountry "ARM"]
[SourceTitle "playchess.com"]
[Source "ChessBase"]
[SourceQuality "1"]
[TimeControl "40/5400+30:1800+30"]

1. Nf3 d5 2. d4 Nf6 3. c4 e6 4. e3 Be7 5. b3 O-O 6. Bb2 Ne4 7. Bd3 f5 8. O-O Nd7 9. Nc3 c6 10. Ne2 Qe8 11. Rc1 Rf6 12. Ne5 Rh6 13. f3 Ng5 14. Nf4 Nf7 15. cxd5 cxd5 16. Bb5 Nfxe5 17. dxe5 a6 18. Bd3 Nf8 19. Rf2 Bd7 20. Ne2 g5 21. g4 Ng6 22. gxf5 exf5 23. Nd4 Nh4 24. Rc7 Rc8 25. Rxb7 Bc5 26. e6 Bxe6 27. b4 Bf8 28. Bxa6 Bf7 29. Bd3 Qxe3 30. Nxf5 Nxf5 31. Bxf5 Bd6 32. Rxf7 Rxh2 33. Rg7+ Kf8 34. Rg8+ Ke7 35. Bd4 Qc1 36. Qxc1 Rxc1+ 37. Rf1 Rxf1+ 38. Kxf1 Bxb4 39. Rb8 Ba3 40. Rb7+ Kd6 41. Rb6+ Kc7 42. Ra6 Rxa2 43. Bxh7 Kb7 44. Ra7+ Kc6 45. Bd3 Kd6 46. Ra6+ Kc7 47. Bc5 Ra1+ 48. Kg2 Bb2 49. Rxa1 Bxa1 50. Be7 Kc6 51. Bxg5 Bh8 52. Be3 d4 53. Bd2 Kd5 54. f4 Bg7 55. Kf3 Bf8 56. Kg4 Ke6 57. Kg5 Kf7 58. f5 Bd6 59. Bc4+ Kg7 60. f6+ Kh7 61. Bd3+ Kh8 62. Kg6 Bf8 1-0

[Event "12th Asrian Memorial 2019"]
[Site "Yerevan"]
[Date "2019.06.18"]
[Round "8.8"]
[White "Der Manuelian, Haik"]
[Black "Petrosian, Tigran L."]
[Result "0-1"]
[ECO "B06"]
[WhiteElo "2309"]
[BlackElo "2612"]
[Annotator "RC"]
[PlyCount "170"]
[EventDate "2019.06.11"]
[EventType "swiss"]
[EventCountry "ARM"]
[SourceTitle "playchess.com"]
[Source "ChessBase"]
[SourceQuality "1"]
[TimeControl "40/5400+30:1800+30"]

1. d4 g6 2. e4 Bg7 3. Nc3 c6 4. Nf3 d6 5. Be2 Nf6 6. O-O O-O 7. h3 Nbd7 8. Be3 Re8 9. e5 dxe5 10. dxe5 Nd5 11. Nxd5 cxd5 12. Qxd5 Nxe5 13. Qxd8 Rxd8 14. Rad1 Bf5 15. Nxe5 Bxe5 16. c3 b6 17. Rxd8+ Rxd8 18. Rd1 Rc8 19. Bg4 Bd6 20. Bxf5 gxf5 21. Rd5 f4 22. Bd4 Kf8 23. Kf1 Rc6 24. Be5 Bxe5 25. Rxe5 Rd6 26. Ke2 f6 27. Re4 e5 28. Rc4 Rd7 29. Rc6 Kf7 30. c4 Kg6 31. c5 bxc5 32. Rxc5 Kf5 33. Rc4 a5 34. b3 Rb7 35. Ra4 Rb5 36. Rc4 h5 37. Rc2 a4 38. bxa4 Rb4 39. a3 Rxa4 40. Ra2 e4 41. Ra1 h4 42. Ra2 Ke6 43. Ra1 f5 44. Ra2 Ke5 45. Ra1 Kd5 46. Ra2 Ra5 47. a4 Kc4 48. Ra1 Kb3 49. Rb1+ Kc4 50. Rc1+ Kd4 51. Ra1 Ra6 52. Rd1+ Ke5 53. Ra1 Ra5 54. Ra2 Kd4 55. Ra1 Kc5 56. Rc1+ Kd6 57. Ra1 Kc6 58. Ra2 Kb6 59. Rb2+ Kc5 60. Rc2+ Kb4 61. Rb2+ Kc4 62. Rc2+ Kd4 63. Ra2 Kc3 64. Ra1 Kc2 65. Ke1 Kb2 66. Rd1 Rc5 67. Rd8 Kc3 68. Ke2 Ra5 69. Rc8+ Kd4 70. Rd8+ Ke5 71. Re8+ Kf6 72. Rf8+ Kg7 73. Rb8 Rxa4 74. Rb6 Ra2+ 75. Kf1 Ra1+ 76. Ke2 Rg1 77. Rb7+ Kg6 78. Rb6+ Kg5 79. Rb8 Rxg2 80. Kf1 Rh2 81. Rb3 f3 82. Kg1 Rg2+ 83. Kf1 Kf4 84. Rb8 Rg6 85. Rh8 Ra6 0-1

[Event "12th Asrian Memorial 2019"]
[Site "Yerevan"]
[Date "2019.06.18"]
[Round "8.9"]
[White "Harutyunian, Tigran K."]
[Black "Dilanyan, Grigor"]
[Result "1-0"]
[ECO "A46"]
[WhiteElo "2552"]
[BlackElo "2294"]
[Annotator "ChessBase"]
[PlyCount "87"]
[EventDate "2019.06.11"]
[EventType "swiss"]
[EventCountry "ARM"]
[SourceTitle "playchess.com"]
[Source "ChessBase"]
[SourceQuality "1"]
[TimeControl "40/5400+30:1800+30"]

1. d4 Nf6 2. Nf3 e6 3. g3 b5 4. Bg5 Bb7 5. Nbd2 Be7 6. e3 a6 7. a4 b4 8. Bg2 h6 9. Bxf6 Bxf6 10. c3 a5 11. O-O O-O 12. Qc2 d6 13. cxb4 axb4 14. Rfc1 c5 15. dxc5 dxc5 16. Ng5 hxg5 17. Bxb7 Ra7 18. Bg2 Nd7 19. Rd1 Qb8 20. a5 Qc7 21. a6 Nb6 22. Bb7 Be7 23. Nc4 Rxb7 24. axb7 Nxc4 25. Qxc4 Qxb7 26. b3 Qc7 27. Qe4 g6 28. Ra6 Rc8 29. Rxe6 fxe6 30. Qxe6+ Kf8 31. Rd7 Qxd7 32. Qxd7 Rd8 33. Qc6 Rd3 34. Qf3+ Ke8 35. Qe4 Rd1+ 36. Kg2 Rd6 37. Qc4 Rf6 38. e4 Kf8 39. e5 Rf5 40. Qe6 g4 41. Qxg6 Rxe5 42. Qxg4 Re1 43. h4 Kf7 44. h5 1-0

[Event "12th Asrian Memorial 2019"]
[Site "Yerevan"]
[Date "2019.06.18"]
[Round "8.10"]
[White "Vaganian, Rafael A"]
[Black "Basencyan, Mark"]
[Result "1-0"]
[ECO "E68"]
[WhiteElo "2526"]
[BlackElo "2154"]
[Annotator "ChessBase"]
[PlyCount "48"]
[EventDate "2019.06.11"]
[EventType "swiss"]
[EventCountry "ARM"]
[SourceTitle "playchess.com"]
[Source "ChessBase"]
[SourceQuality "1"]
[TimeControl "40/5400+30:1800+30"]

1. d4 Nf6 2. Nf3 g6 3. c4 Bg7 4. g3 O-O 5. Bg2 d6 6. Nc3 Nbd7 7. O-O e5 8. e4 exd4 9. Nxd4 Nc5 10. h3 Re8 11. Re1 a5 12. Qc2 c6 13. Be3 Qc7 14. Rad1 Bd7 15. Nb3 b6 16. Bf4 Bf8 17. Nxc5 bxc5 18. g4 Bc8 19. Qd2 Re6 20. Bg3 Ba6 21. b3 Rae8 22. f4 Qe7 23. e5 dxe5 24. fxe5 Bc8 1-0

[Event "12th Asrian Memorial 2019"]
[Site "Yerevan"]
[Date "2019.06.18"]
[Round "8.11"]
[White "Gevorgyan, Maria"]
[Black "Gholami Orimi, Mahdi"]
[Result "0-1"]
[ECO "C51"]
[WhiteElo "2293"]
[BlackElo "2445"]
[Annotator "NA"]
[PlyCount "82"]
[EventDate "2019.06.11"]
[EventType "swiss"]
[EventCountry "ARM"]
[SourceTitle "playchess.com"]
[Source "ChessBase"]
[SourceQuality "1"]
[TimeControl "40/5400+30:1800+30"]

1. e4 e5 2. Nf3 Nc6 3. Bc4 Bc5 4. b4 Bxb4 5. c3 Bd6 6. d4 Nf6 7. O-O O-O 8. Re1 h6 9. Bd3 Re8 10. Nbd2 exd4 11. cxd4 Bf8 12. e5 Nd5 13. Qb3 Nf4 14. Bc4 d5 15. exd6 Rxe1+ 16. Nxe1 Nxd4 17. Bxf7+ Kh8 18. Qe3 Bxd6 19. Nc4 Nfe2+ 20. Kf1 Bf4 21. Qa3 Nxc1 22. Rxc1 Bxc1 23. Qxc1 Qe7 24. Qd2 c5 25. Bh5 Qh4 26. Bf7 Qf6 27. Bh5 Qa6 28. Bf7 Be6 29. Bxe6 Nxe6 30. Qc1 Qxa2 31. Ne5 Nd4 32. Qe3 Kg8 33. f4 Re8 34. Qe4 Nc6 35. N1f3 Nxe5 36. Nxe5 Rd8 37. Ke1 Qd2+ 38. Kf1 Qd1+ 39. Kf2 Qd4+ 40. Kf3 Qxe4+ 41. Kxe4 a5 0-1

[Event "12th Asrian Memorial 2019"]
[Site "Yerevan"]
[Date "2019.06.18"]
[Round "8.12"]
[White "Sargsyan, Tigran R."]
[Black "Yeremyan, Alen"]
[Result "1/2-1/2"]
[ECO "E92"]
[WhiteElo "2367"]
[BlackElo "2128"]
[Annotator "NA"]
[PlyCount "107"]
[EventDate "2019.06.11"]
[EventType "swiss"]
[EventCountry "ARM"]
[SourceTitle "playchess.com"]
[Source "ChessBase"]
[SourceQuality "1"]
[TimeControl "40/5400+30:1800+30"]

1. d4 Nf6 2. c4 g6 3. Nc3 Bg7 4. e4 d6 5. Nf3 O-O 6. Be2 e5 7. d5 a5 8. h3 Na6 9. Bg5 h6 10. Be3 Nc5 11. Nd2 Bd7 12. Qc2 a4 13. g4 Ne8 14. h4 c6 15. h5 g5 16. Bxc5 dxc5 17. Nxa4 cxd5 18. Nxc5 dxe4 19. Nxd7 Qxd7 20. Nxe4 f5 21. gxf5 Qxf5 22. c5 Kh8 23. Bd3 Qf4 24. Qe2 Nf6 25. Nxf6 Rxf6 26. O-O Ra4 27. f3 Qh4 28. Be4 Qf4 29. b3 Rd4 30. Rad1 Rf8 31. Rxd4 exd4 32. Bd3 Be5 33. Rf2 Qe3 34. Kg2 Rd8 35. Bc2 Kg7 36. Qd3 Qxd3 37. Bxd3 Kf6 38. Rc2 Bf4 39. a4 Re8 40. Be4 g4 41. Rc4 Be3 42. Bxb7 gxf3+ 43. Bxf3 Ke5 44. c6 Kd6 45. b4 Rg8+ 46. Kf1 d3 47. Rg4 Rxg4 48. Bxg4 Kxc6 49. Bf5 Bd2 50. b5+ Kb6 51. Bxd3 Bb4 52. Ke2 Bc3 53. Ke3 Bb4 54. Ke4 1/2-1/2

[Event "12th Asrian Memorial 2019"]
[Site "Yerevan"]
[Date "2019.06.18"]
[Round "8.13"]
[White "Baghdasaryan, Vahe"]
[Black "Aleksanyan, Davit"]
[Result "1-0"]
[ECO "C50"]
[WhiteElo "2357"]
[BlackElo "1626"]
[Annotator "NA"]
[PlyCount "59"]
[EventDate "2019.06.11"]
[EventType "swiss"]
[EventCountry "ARM"]
[SourceTitle "playchess.com"]
[Source "ChessBase"]
[SourceQuality "1"]
[TimeControl "40/5400+30:1800+30"]

1. e4 e5 2. Nf3 Nc6 3. Bc4 Nf6 4. d3 Bc5 5. O-O O-O 6. c3 d6 7. Nbd2 Ne7 8. d4 exd4 9. cxd4 Bb6 10. Bd3 a6 11. Nc4 Ba7 12. Bg5 Ne8 13. h3 f6 14. Bf4 Be6 15. Qc2 b5 16. Ne3 c5 17. dxc5 dxc5 18. Rad1 Qc8 19. Nd5 Ng6 20. Nh4 Rf7 21. Nxg6 hxg6 22. b3 Qc6 23. Bg3 Bb8 24. Bxb8 Rxb8 25. Nf4 Rc7 26. e5 f5 27. Nxg6 Rf7 28. Qe2 Ra7 29. Qh5 Qc8 30. g4 1-0

[Event "12th Asrian Memorial 2019"]
[Site "Yerevan"]
[Date "2019.06.19"]
[Round "9.3"]
[White "Shahinyan, David"]
[Black "Vardanian, Haik G."]
[Result "1/2-1/2"]
[ECO "B23"]
[WhiteElo "2429"]
[BlackElo "2357"]
[Annotator "NA"]
[PlyCount "106"]
[EventDate "2019.06.11"]
[EventType "swiss"]
[EventCountry "ARM"]
[SourceTitle "playchess.com"]
[Source "ChessBase"]
[SourceQuality "1"]
[TimeControl "40/5400+30:1800+30"]

1. e4 c5 2. Nc3 e6 3. g3 d5 4. d3 Nc6 5. Bg2 d4 6. Nce2 e5 7. f4 Bd6 8. Nf3 h5 9. h3 h4 10. g4 exf4 11. Bxf4 Qc7 12. Qd2 Be6 13. Bxd6 Qxd6 14. c3 Nge7 15. cxd4 cxd4 16. O-O Ng6 17. a3 O-O-O 18. Rac1 Kb8 19. b4 Nge5 20. Ne1 f6 21. Nc2 Bb3 22. b5 Ne7 23. Ncxd4 Bf7 24. a4 Rd7 25. Rfd1 Rhd8 26. Kh1 g5 27. a5 N7g6 28. Qb2 Rc7 29. Rxc7 Qxc7 30. Rc1 Qe7 31. Qc3 Qd7 32. b6 axb6 33. axb6 Rc8 34. Qa1 Rxc1+ 35. Nxc1 Nc6 36. Nb5 Qd8 37. Nc7 Kc8 38. Qa8+ Kd7 39. Qxb7 Qc8 40. Qxc8+ Kxc8 41. Nb5 Nd8 42. Nd6+ Kd7 43. Nxf7 Nxf7 44. Nb3 Kc6 45. Nc5 Kxb6 46. Nd7+ Kc6 47. Nxf6 Kc5 48. Bf1 Kd4 49. Nd5 Nge5 50. Nb4 Kc3 51. Na2+ Kd4 52. Nb4 Kc3 53. Nd5+ Kd4 1/2-1/2

[Event "12th Asrian Memorial 2019"]
[Site "Yerevan"]
[Date "2019.06.19"]
[Round "9.6"]
[White "Mikaelyan, Arman"]
[Black "Andriasian, Zaven"]
[Result "1/2-1/2"]
[ECO "E73"]
[WhiteElo "2453"]
[BlackElo "2600"]
[Annotator "RC"]
[PlyCount "34"]
[EventDate "2019.06.11"]
[EventType "swiss"]
[EventCountry "ARM"]
[SourceTitle "playchess.com"]
[Source "ChessBase"]
[SourceQuality "1"]
[TimeControl "40/5400+30:1800+30"]

1. d4 Nf6 2. c4 g6 3. Nc3 Bg7 4. e4 d6 5. Be2 O-O 6. Bg5 c5 7. d5 e6 8. Qd2 exd5 9. exd5 Re8 10. Nf3 Bg4 11. O-O Nbd7 12. h3 Bxf3 13. Bxf3 a6 14. Qc2 Rb8 15. a4 Qb6 16. Bd2 Re7 17. Rfe1 Ne5 1/2-1/2

[Event "12th Asrian Memorial 2019"]
[Site "Yerevan"]
[Date "2019.06.19"]
[Round "9.11"]
[White "Mnatsakanian, Arsen"]
[Black "Sargsyan, Tigran R."]
[Result "0-1"]
[ECO "C02"]
[WhiteElo "2255"]
[BlackElo "2367"]
[Annotator "NA"]
[PlyCount "74"]
[EventDate "2019.06.11"]
[EventType "swiss"]
[EventCountry "ARM"]
[SourceTitle "playchess.com"]
[Source "ChessBase"]
[SourceQuality "1"]
[TimeControl "40/5400+30:1800+30"]

1. e4 e6 2. d4 d5 3. e5 c5 4. c3 Nc6 5. a3 Qb6 6. Nf3 Bd7 7. Be2 Rc8 8. O-O cxd4 9. cxd4 Na5 10. Nbd2 Ne7 11. b4 Nc4 12. Qb3 Qa6 13. Bd3 Ba4 14. Qb1 b5 15. h4 Qb6 16. h5 Nc6 17. Bxh7 Nxd4 18. Ng5 Ne2+ 19. Kh1 Nxe5 20. Bb2 Ng4 21. Qe1 Nf4 22. Rc1 Rd8 23. h6 Rxh7 24. Nxh7 e5 25. Nf3 Qxh6+ 26. Kg1 Qxh7 27. Bxe5 Nd3 28. Qc3 Ndxe5 29. Rfe1 f6 30. Nxe5 Qh2+ 31. Kf1 Nxe5 32. Qd4 Bb3 33. f4 Bc4+ 34. Kf2 Qh4+ 35. Kg1 Be7 36. Re3 Nc6 37. Qc5 Kd7 0-1

[Event "12th Asrian Memorial 2019"]
[Site "Yerevan"]
[Date "2019.06.19"]
[Round "9.12"]
[White "Hoghmrtsyan, Artur"]
[Black "Ghukasyan, Siranush"]
[Result "0-1"]
[ECO "C50"]
[WhiteElo "2309"]
[BlackElo "2255"]
[Annotator "NA"]
[PlyCount "78"]
[EventDate "2019.06.11"]
[EventType "swiss"]
[EventCountry "ARM"]
[SourceTitle "playchess.com"]
[Source "ChessBase"]
[SourceQuality "1"]
[TimeControl "40/5400+30:1800+30"]

1. e4 e5 2. Nf3 Nc6 3. Bc4 Bc5 4. d3 Nf6 5. Bg5 h6 6. Bh4 g5 7. Bg3 d6 8. c3 O-O 9. a4 a5 10. Na3 Ne7 11. Nc2 Ba7 12. O-O Ng6 13. Re1 Nh7 14. h3 h5 15. d4 g4 16. hxg4 hxg4 17. Nh2 Qg5 18. dxe5 dxe5 19. Ne3 Nf6 20. Qc2 Nh5 21. Nhf1 Ngf4 22. Rad1 Be6 23. Bxe6 fxe6 24. Rd7 Rf7 25. Rxf7 Kxf7 26. Qd1 Nf6 27. Nc4 Rh8 28. Qd2 Qh6 29. Nh2 Kg7 30. Rd1 Bd4 31. cxd4 Nxe4 32. Qe3 Nxg3 33. Qxe5+ Kg8 34. fxg3 Qxh2+ 35. Kf2 Qxg2+ 36. Ke3 Nd5+ 37. Kd3 Nb4+ 38. Ke3 Qf3+ 39. Kd2 Qd3+ 0-1

[Event "12th Asrian Memorial 2019"]
[Site "Yerevan"]
[Date "2019.06.19"]
[Round "9.13"]
[White "Yeritsyan, Hayk"]
[Black "Barseghyan, Armen Ar."]
[Result "1/2-1/2"]
[ECO "A66"]
[WhiteElo "2208"]
[BlackElo "2294"]
[Annotator "NA"]
[PlyCount "109"]
[EventDate "2019.06.11"]
[EventType "swiss"]
[EventCountry "ARM"]
[SourceTitle "playchess.com"]
[Source "ChessBase"]
[SourceQuality "1"]
[TimeControl "40/5400+30:1800+30"]

1. d4 Nf6 2. c4 c5 3. d5 e6 4. Nc3 exd5 5. cxd5 d6 6. e4 g6 7. f4 Bg7 8. e5 Nfd7 9. Nb5 dxe5 10. Nd6+ Ke7 11. Nxc8+ Qxc8 12. Nf3 Re8 13. f5 Kf8 14. Ng5 Nf6 15. fxg6 hxg6 16. Bc4 b5 17. Bxb5 Rd8 18. O-O c4 19. Qf3 Kg8 20. Be3 Qg4 21. h3 Qxf3 22. Rxf3 e4 23. Rf2 Nxd5 24. Rd1 Nc6 25. Rxd5 Rxd5 26. Bxc6 Rd1+ 27. Kh2 Rb8 28. Nxe4 Be5+ 29. Bf4 Bxf4+ 30. Rxf4 Rxb2 31. Bd5 c3 32. Nxc3 Rdd2 33. Rg4 Kg7 34. Na4 f5 35. Rc4 Rbc2 36. Rxc2 Rxc2 37. Bb3 Rd2 38. Kg3 g5 39. Nc5 Kf6 40. Kf3 Ke5 41. g3 a5 42. Ke3 Rg2 43. Nd3+ Kf6 44. Kf3 Rd2 45. Ke3 Rg2 46. Kf3 Rd2 47. Nf2 a4 48. Bxa4 Rxa2 49. Bb5 Ra3+ 50. Bd3 Ke5 51. Ke3 Rb3 52. h4 gxh4 53. gxh4 Rb4 54. h5 Rh4 55. Be2 1/2-1/2